 Dungeon Sprint DCSS version 0.19.4-8-ga85b6b9 (webtiles) character file.

12800000 protoss039 the Ninja (level 27, -6/272 (273) HPs)
             Began as a Ghoul Enchanter on Feb 13, 2017.
             Was the Champion of Makhleb.
             Mangled by a fleshlord
             ... wielding a +9 great mace
              (259 damage)
             ... in the Dungeon (Sprint VIII: "Arena of Blood").
             The game lasted 00:05:11 (128 turns).

protoss039 the Ninja (Ghoul Enchanter)               Turns: 128, Time: 00:05:11

HP:   -6/272 (273)  AC:  5    Str: 25    XL:     27
MP:   36/53         EV: 26    Int: 10    God:    Makhleb [******]
Gold: 0             SH:  0    Dex:  9    Spells: 1 memorised, 79 levels left

rFire  . . .     SeeInvis .     k - +∞ Axe of Woe
rCold  + . .     Gourm    .     b - +1 robe
rNeg   + + +     Faith    .     (shield currently unavailable)
rPois  ∞         Spirit   .     (no helmet)
rElec  .         Reflect  .     (no cloak)
rCorr  .         Harm     .     (no gloves)
MR     ++...     NoTele   +     (no boots)
Stlth  +++++++++.               (no amulet)
                                m - +200 ring of slaying
                                l - +200 ring of slaying

@: rotting, slowed, very slow
A: rotting body, claws 1, carnivore 3, cold resistance 1, negative energy
resistance 3, slow regeneration 1, torment resistance, unbreathing
a: Minor Destruction, Lesser Servant of Makhleb, Major Destruction, Greater
Servant of Makhleb, Renounce Religion


You were in the Dungeon.
You worshipped Makhleb.
Makhleb was exalted by your worship.
You were not hungry.

You visited 1 branch

Inventory:

Hand Weapons
 a - a +1 dagger
 k - the +∞ Axe of Woe (weapon)
   (You found it in the Dungeon)
Armour
 b - a +1 robe (worn)
Jewellery
 l - a +200 ring of slaying (left claw)
 m - a +200 ring of slaying (right claw)
Scrolls
 j - a scroll of blinking
Potions
 e - a potion of curing
 f - a potion of heal wounds
 g - a potion of haste
 h - 2 potions of magic
 i - a potion of berserk rage
Books
 c - a book of Maledictions

   Spells                             Type                      Level
   a - Corona                         Hexes                        1
   b - Ensorcelled Hibernation        Hexes/Ice                    2
   c - Confuse                        Hexes                        3
   d - Tukima's Dance                 Hexes                        3
   e - Dazzling Spray                 Conjuration/Hexes            3
Comestibles
 d - a meat ration


   Skills:
 O Level 27 Fighting
 O Level 27 Short Blades
 O Level 27 Axes
 O Level 27 Throwing
 O Level 27 Armour
 O Level 27 Dodging
 O Level 27 Stealth
 O Level 27 Unarmed Combat
 O Level 27 Spellcasting
 O Level 27 Hexes
 O Level 27 Invocations


You had 79 spell levels left.
You knew the following spells:

 Your Spells              Type           Power        Failure   Level  Hunger
a - Corona                Hex            ######.      0%          1    None


Dungeon Overview and Level Annotations

Branches:
Dungeon (1/1)

Altars:
Makhleb


Innate Abilities, Weirdness & Mutations

Your body is rotting away.
You thrive on raw meat.
You are immune to poison.
You have sharp fingernails.
You are carnivorous and can eat meat at any time.
Your flesh is cold resistant. (rC+)
You are immune to negative energy. (rN+++)
You regenerate slowly when monsters are visible.
You are immune to unholy pain and torment.
You can survive without breathing.


Message History

Something smites you!
You hear a shout! x2
The scourge throws poison at you. The bolt of poison hits your cacodemon.
The bolt of poison misses you.
The fleshlord gestures at you while chanting.
You feel as though you will be slow longer.
Your cacodemon hits the scourge. Your cacodemon hits the scourge!
The fleshlord gestures at you while chanting.
Your cacodemon resists with almost no effort.
The accursed points at you and mumbles some strange words.
Something smites you!
A fleshlord comes into view. It is wielding a +9 great mace.
Unknown command.
Unknown command.
Okay, then.
A fleshlord comes into view. It is wielding a +9 great mace.
You hear a shout! x2
The fleshlord hits you with a +9 great mace!!!!!
Ouch! That really hurt!
You die...

.O.........
.........
#%......# . #..
..p.# .. ..###..
§M.###...
%......###).......
....%.%)_)§Mo.....
%....#.)p))#......
... #_)@2_# .....
. #.%S%%# ....
...%%.)_)%.......
..%.%.###......o.
.###%. ..%###...
#.. .p.# . #..
...# .. ....p ..
...D


You could see 2 accurseds, a scourge, 4 fleshlords, a bag of meat and a friendly
cacodemon.

Vanquished Creatures
  A hell knight (D)
  Sigmund (D)
  16 hell beasts (D)
  3 greater mummies (D)
  5 great orbs of eyes (D)
  4 wraiths (D)
  17 vampire knights (D)
  36 ogres (D)
  11 liches (D)
  6 hydras (D)
  72 orcs (D)
  7 phantoms (D)
  8 hill giants (D)
  3 skeletal warriors (D)
  3 sea snakes (D)
  9 large abominations (D)
  5 small abominations (D)
  2 crawling corpses (D)
209 creatures vanquished.

Vanquished Creatures (others)
  5 crawling corpses (D)
5 creatures vanquished.

Grand Total: 214 creatures vanquished

Notes
Turn   | Place    | Note
-------+----------+-------------------------------------------
     0 | D        | protoss039 the Ghoul Enchanter began the quest for the Orb.
     0 | D        | Reached XP level 1. HP: 14/14 MP: 2/2
     2 | D        | Noticed a meat berserker
     3 | D        | Noticed a bag of meat
     3 | D        | Became a worshipper of Makhleb the Destroyer
     3 | D        | Noticed a bag of meat
     4 | D        | Noticed a bag of meat
     5 | D        | Killed a meat berserker
     5 | D        | Reached skill level 10 in Dodging
     5 | D        | Reached XP level 2. HP: 20/20 MP: 2/14
     5 | D        | Reached XP level 3. HP: 26/26 MP: 2/15
     5 | D        | Reached XP level 4. HP: 33/33 MP: 2/17
     5 | D        | Reached XP level 5. HP: 38/38 MP: 2/18
     5 | D        | Reached XP level 6. HP: 45/45 MP: 2/20
     5 | D        | Reached XP level 7. HP: 50/50 MP: 2/21
     5 | D        | Reached XP level 8. HP: 57/57 MP: 2/23
     5 | D        | Reached XP level 9. HP: 62/62 MP: 2/24
     5 | D        | Reached XP level 10. HP: 69/69 MP: 2/25
     5 | D        | Reached XP level 11. HP: 74/74 MP: 2/26
     5 | D        | Reached XP level 12. HP: 81/81 MP: 2/27
     5 | D        | Reached XP level 13. HP: 86/86 MP: 2/28
     6 | D        | Noticed a bag of meat
     6 | D        | Noticed a bag of meat
     6 | D        | Noticed a meat berserker
     6 | D        | Killed a bag of meat
     6 | D        | Reached * piety under Makhleb
     6 | D        | Reached skill level 1 in Fighting
     6 | D        | Reached XP level 14. HP: 78/96 MP: 2/30
     7 | D        | Noticed a bag of meat
     8 | D        | Killed a meat berserker
     8 | D        | Reached XP level 15. HP: 68/102 MP: 3/32
     8 | D        | Reached skill level 15 in Spellcasting
     9 | D        | Reached ** piety under Makhleb
     9 | D        | Reached skill level 5 in Axes
     9 | D        | Reached skill level 27 in Stealth
     9 | D        | Reached XP level 16. HP: 112/112 MP: 3/34
     9 | D        | Reached skill level 15 in Dodging
    10 | D        | Noticed a meat berserker
    10 | D        | Killed a meat berserker
    10 | D        | Reached *** piety under Makhleb
    10 | D        | Reached skill level 5 in Short Blades
    10 | D        | Reached skill level 27 in Hexes
    10 | D        | Reached XP level 17. HP: 130/130 MP: 3/38
    14 | D        | Reached skill level 15 in Axes
    14 | D        | Reached XP level 18. HP: 146/146 MP: 5/41
    15 | D        | Noticed a meat berserker
    16 | D        | Noticed a meat berserker
    16 | D        | Reached **** piety under Makhleb
    16 | D        | Reached skill level 10 in Fighting
    18 | D        | Noticed a meat berserker
    18 | D        | Noticed a large bag of meat
    18 | D        | Noticed a meat berserker
    18 | D        | Killed a meat berserker
    18 | D        | Reached XP level 19. HP: 166/166 MP: 6/45
    18 | D        | Killed a meat berserker
    18 | D        | Reached skill level 15 in Fighting
    19 | D        | Killed a meat berserker
    19 | D        | Reached ***** piety under Makhleb
    20 | D        | Noticed a meat berserker
    20 | D        | Noticed a meat berserker
    20 | D        | Reached XP level 20. HP: 187/187 MP: 7/48
    21 | D        | Noticed a destroyer
    21 | D        | Reached skill level 27 in Axes
    22 | D        | Killed a meat berserker
    22 | D        | Reached skill level 10 in Short Blades
    22 | D        | Reached skill level 27 in Spellcasting
    22 | D        | Reached XP level 21. HP: 209/209 MP: 7/51
    23 | D        | Killed a meat berserker
    23 | D        | Reached skill level 27 in Fighting
    23 | D        | Reached skill level 27 in Dodging
    24 | D        | Noticed a meat berserker
    24 | D        | Killed a meat berserker
    25 | D        | Killed a destroyer
    25 | D        | Reached ****** piety under Makhleb
    25 | D        | Reached skill level 27 in Short Blades
    25 | D        | Reached XP level 22. HP: 233/233 MP: 8/52
    28 | D        | Reached skill level 15 in Unarmed Combat
    28 | D        | Reached skill level 15 in Invocations
    28 | D        | Reached XP level 23. HP: 215/240 MP: 8/53
    30 | D        | Noticed a destroyer
    30 | D        | Noticed a destroyer
    30 | D        | Killed a destroyer
    30 | D        | Reached XP level 24. HP: 249/249 MP: 9/53
    31 | D        | Noticed a destroyer
    33 | D        | Reached skill level 27 in Unarmed Combat
    33 | D        | Reached skill level 27 in Invocations
    36 | D        | Killed a destroyer
    36 | D        | Reached skill level 27 in Throwing
    36 | D        | Reached skill level 27 in Armour
    36 | D        | Reached XP level 25. HP: 257/257 MP: 11/53
    36 | D        | Killed a destroyer
    40 | D        | Noticed a destroyer
    40 | D        | Reached XP level 26. HP: 200/266 MP: 12/53
    46 | D        | Reached XP level 27. HP: 222/272 MP: 13/53
    47 | D        | Noticed an accursed
    50 | D        | Noticed a destroyer
    50 | D        | Killed a destroyer
    51 | D        | Noticed a destroyer
    52 | D        | HP: 8/272 [destroyer/+9 great sword of slicing (9)]
    53 | D        | Killed a destroyer
    53 | D        | Killed a destroyer
    55 | D        | Noticed a tyrant
    58 | D        | Killed an accursed
    59 | D        | Noticed a destroyer
    61 | D        | Noticed a tyrant
    62 | D        | Killed a destroyer
    64 | D        | Noticed a meat beast
    64 | D        | Killed a tyrant
    65 | D        | Noticed a destroyer
    65 | D        | Noticed a tyrant
    65 | D        | Noticed a meat beast
    66 | D        | Noticed a tyrant
    67 | D        | Killed a meat beast
    69 | D        | Killed a meat beast
    69 | D        | Killed a destroyer
    71 | D        | Noticed a meat beast
    72 | D        | Noticed a destroyer
    72 | D        | Killed a tyrant
    73 | D        | Noticed a meat beast
    75 | D        | Killed a destroyer
    75 | D        | Killed a tyrant
    76 | D        | Killed a meat beast
    76 | D        | Killed a meat beast
    77 | D        | Noticed a tyrant
    78 | D        | Noticed a tyrant
    78 | D        | Noticed a meat beast
    78 | D        | Killed a tyrant
    79 | D        | Noticed a meat beast
    79 | D        | Noticed a meat beast
    81 | D        | Noticed a destroyer
    81 | D        | Killed a meat beast
    82 | D        | Noticed a destroyer
    82 | D        | Killed a meat beast
    83 | D        | Killed a meat beast
    83 | D        | Killed a destroyer
    84 | D        | Noticed a meat beast
    88 | D        | Noticed a meat beast
    88 | D        | Noticed a meat beast
    88 | D        | Killed a tyrant
    88 | D        | Killed a meat beast
    88 | D        | Killed a tyrant
    89 | D        | Killed a meat beast
    90 | D        | Noticed a dread
    90 | D        | Killed a destroyer
    91 | D        | Noticed a meat beast
    92 | D        | Killed a meat beast
    93 | D        | Noticed a dread
    94 | D        | Noticed a tyrant
    94 | D        | Noticed a meat beast
    95 | D        | Noticed an accursed
    95 | D        | Killed a meat beast
    96 | D        | Noticed a tyrant
    96 | D        | Noticed a tyrant
    96 | D        | Noticed a meat beast
    97 | D        | Noticed a tyrant
    97 | D        | Noticed an accursed
    98 | D        | Noticed The Captor
    98 | D        | Noticed a meat beast
    98 | D        | Killed a meat beast
   100 | D        | Noticed a destroyer
   100 | D        | Noticed a dread
   101 | D        | Killed a meat beast
   101 | D        | Killed a dread
   102 | D        | Noticed a destroyer
   102 | D        | Noticed an accursed
   102 | D        | Killed a dread
   103 | D        | Killed a meat beast
   103 | D        | Killed The Captor
   103 | D        | Killed a destroyer
   104 | D        | Noticed a tyrant
   104 | D        | Noticed a destroyer
   106 | D        | Killed a destroyer
   107 | D        | Killed a tyrant
   108 | D        | Killed a destroyer
   110 | D        | Noticed a meat beast
   110 | D        | Killed an accursed
   110 | D        | Killed a dread
   110 | D        | Killed a tyrant
   111 | D        | Noticed a meat beast
   111 | D        | Killed a tyrant
   111 | D        | Killed a tyrant
   114 | D        | Killed a tyrant
   114 | D        | Killed a meat beast
   115 | D        | Noticed a dread
   115 | D        | Killed a meat beast
   116 | D        | Killed an accursed
   118 | D        | Noticed a destroyer
   118 | D        | Noticed a fleshlord
   119 | D        | Noticed a destroyer
   120 | D        | Killed a dread
   121 | D        | Noticed an accursed
   122 | D        | Killed a destroyer
   123 | D        | Killed a destroyer
   124 | D        | Noticed a fleshlord
   126 | D        | Noticed a fleshlord
   127 | D        | Killed a fleshlord
   128 | D        | Noticed a fleshlord
   128 | D        | Noticed a fleshlord
   128 | D        | Mangled by a fleshlord

Skill      XL: |  1  2  3  4  5  6  7  8  9 10 11 12 13 14 15 16 17 18 19 20 21 22 23 24 |
---------------+-------------------------------------------------------------------------+-----
Short Blades   | 3 5 7 8 10 27 | 27.0
Dodging        | 10 11 13 14 16 18 21 23 26 27 | 27.0
Stealth        | 21 22 25 27 | 27.0
Spellcasting   | 12 13 14 15 18 20 23 25 27 | 27.0
Hexes          | 18 19 21 23 27 | 27.0
Fighting       | 1 2 6 9 13 17 22 27 | 27.0
Axes           | 3 5 11 15 20 25 27 | 27.0
Throwing       | 14 20 27 | 27.0
Armour         | 14 20 27 | 27.0
Unarmed Combat | 16 23 27 | 27.0
Invocations    | 16 23 27 | 27.0

Action                   |  1- 3 |  4- 6 |  7- 9 | 10-12 | 13-15 | 16-18 | 19-21 | 22-24 | 25-27 || total
-------------------------+-------+-------+-------+-------+-------+-------+-------+-------+-------++-------
Melee: Executioner's axe |     1 |       |       |       |     3 |     4 |     7 |     5 |    68 ||    88
Invok: Greater Servant o |       |       |       |       |       |       |       |       |     9 ||     9
       Major Destruction |       |       |       |       |       |       |       |       |     1 ||     1
Armor: Robe              |       |       |       |       |       |       |       |       |     2 ||     2
Dodge: Dodged            |       |       |       |       |     2 |     1 |       |     1 |     7 ||    11
